 Dungeon Sprint DCSS version 0.31-a0-544-gceb718ecc6 (webtiles) character file.

Game seed: 6581174834600931282

138 rocky1 the Ruffian (level 5, 0/64 HPs)
             Began as a Demonspawn Shapeshifter on Aug 16, 2023.
             Was an Initiate of Gozag.
             Slain by a troll (2 damage)
             ... in the Dungeon (Sprint IX: "|||||||||||||||||||||||||||||").
             The game lasted 00:01:04 (458 turns).

rocky1 the Ruffian (Demonspawn Shapeshifter)         Turns: 458, Time: 00:01:05

Health: 0/64       AC:  7    Str: 18    XL:     5   Next: 1%
Magic:  5/5        EV: 14    Int: 12    God:    Gozag
Gold:   0          SH:  0    Dex: 13    Spells: 4/4 levels left

rFire   . .          .
                       - Unarmed
rCold   . . .        (no shield)
rNeg    . . .        o - +2 ring mail
rPois   .            (helmet currently unavailable)
rElec   .            (cloak currently unavailable)
rCorr   .            (gloves currently unavailable)
SInv    .            (boots currently unavailable)
Will    .....        (no amulet) Stlth
                     q - +2 ring of evasion
HPRegen 0.30/turn    p - +3 ring of intelligence
MPRegen 0.09/turn

%: no teleportation
@: berserking (expiring), beast-form, very quick
A: beast (slay +3), powered by death 2
a: Begin Untransformation, Renounce Religion, Potion Petition, Call Merchant,
Bribe Branch


You were in the Dungeon.
You worshipped Gozag.
Gozag was noncommittal.
You were a hulking beast.
You visited 1 branch

Inventory:

Hand Weapons
 r - a +1 broad axe of flaming
 s - a +2 scimitar of flaming
Armour
 a - a +0 animal skin
 m - a +0 pair of boots
 n - a +0 cloak
 o - a +2 ring mail (worn)
Jewellery
 p - a +3 ring of intelligence (right hand)
 q - a +2 ring of evasion (left hand)
Talismans
 c - a beast talisman (active)
 d - a flux talisman
Wands
 l - a wand of roots (10)
Scrolls
 j - 2 scrolls of blinking
 k - 2 scrolls of amnesia
Potions
 b - a potion of invisibility
 e - 5 potions of curing
 f - 3 potions of heal wounds
 g - a potion of haste
 h - 4 potions of magic


   Skills:
 * Level 4.9 Fighting
 + Level 3.0 Armour
 + Level 3.5 Dodging
 * Level 5.2 Unarmed Combat
 * Level 4.6 Shapeshifting


You had 4 spell levels left.
You didn't know any spells.
Your spell library was empty.

Dungeon Overview and Level Annotations

Branches:
Dungeon (1/1)

Altars:
Cheibriados
Dithmenos
Fedhas
Gozag
Hepliaklqana
Kikubaaqudgha
Makhleb
Nemelex Xobeh
Okawaru
Qazlal
Ru
Sif Muna
Trog
Uskayaw
Vehumet
Wu Jian
Xom
Yredelemnul
Jiyva
Lugonu


Innate Abilities, Weirdness & Mutations

You are a hulking beast.
Your limbs bulge with bestial killing power. (Slay +3)
You regenerate health from kills.


Message History

You feel clever.
p - a +3 ring of intelligence (right hand) Unknown command.
Items here: )))))).
Items here: )))))).
Items here: )))))).
r - a +1 broad axe of flaming;
s - a +2 scimitar of flaming As you open the door, it creaks loudly!
A two-headed ogre, 2 trolls, an acid dragon and 2 yaks come into view.
The troll shouts!
The two-headed ogre shouts in stereo!
The troll shouts!
The acid dragon roars!
The yak bellows!
A red film seems to cover your vision as you go berserk!
You feel yourself moving faster!
You feel mighty! The troll barely misses you. The troll closely misses you.
The troll claws you!
You closely miss the troll. The troll misses you.
The troll claws you but does no damage. The troll misses you.
You completely miss the troll. You closely miss the troll. The troll bites you!
The troll completely misses you. The troll closely misses you.
You barely miss the troll. The troll completely misses you.
The troll claws you! The troll claws you.
You punch the troll!
The troll is moderately wounded.
You punch the troll!
The troll is heavily wounded.
The troll bites you but does no damage. The troll closely misses you.
The troll claws you.
You barely miss the troll.
The troll is heavily wounded.
You hit the troll.
The troll is severely wounded.
The troll misses you. The troll claws you! x2
* * * LOW HITPOINT WARNING * * *
You punch the troll!
The troll is almost dead.
The troll bites you!
* * * LOW HITPOINT WARNING * * *
The troll misses you. The troll claws you.
You die...
Your body crumbles into a pile of gold. ▓▓▓▓▓▓▓▓▓▓▓▓▓▓▓▓▓▓▓▓▓▓▓▓ _______'..).....hTOTDYY. ▓▓▓▓▓▓▓▓▓▓▓▓▓▓▓▓▓▓▓▓▓▓▓▓

You could see a two-headed ogre, 2 yaks, 2 trolls and an acid dragon.

Vanquished Creatures
  A scorpion (D)
  A hound (D)
  A gnoll bouda (D)
  2 adders (D)
  A ball python (D)
  An endoplasm (D)
  A hobgoblin (D)
  2 rats (D)
10 creatures vanquished.

Notes
Turn   | Place    | Note
-------+----------+-------------------------------------------
     0 | D        | rocky1 the Demonspawn Shapeshifter began the quest for the
                  | Orb.
     0 | D        | Reached XP level 1. HP: 15/15 MP: 1/1
    10 | D        | Reached skill level 3 in Unarmed Combat
    32 | D        | Noticed a scorpion
    32 | D        | Noticed a gnoll bouda
    32 | D        | Noticed a hound
    37 | D        | Reached skill level 1 in Armour
    37 | D        | Gained mutation: You regenerate a little health from kills.
                  | [demonic ancestry]
    37 | D        | Reached XP level 2. HP: 23/23 MP: 2/2
    44 | D        | Killed a scorpion
    45 | D        | Reached skill level 4 in Unarmed Combat
    45 | D        | Gained mutation: You regenerate health from kills. [demonic
                  | ancestry]
    45 | D        | Reached XP level 3. HP: 30/30 MP: 3/3
    45 | D        | Reached XP level 4. HP: 37/37 MP: 4/4
    51 | D        | Reached skill level 5 in Unarmed Combat
    51 | D        | Reached XP level 5. HP: 43/43 MP: 5/5
   369 | D        | Found a snail-covered altar of Cheibriados.
   369 | D        | Found a shadowy altar of Dithmenos.
   369 | D        | Found a blossoming altar of Fedhas.
   369 | D        | Found an opulent altar of Gozag.
   370 | D        | Found a hazy altar of Hepliaklqana.
   371 | D        | Found a viscous altar of Jiyva.
   372 | D        | Found an ancient bone altar of Kikubaaqudgha.
   373 | D        | Found a corrupted altar of Lugonu.
   374 | D        | Found a burning altar of Makhleb.
   375 | D        | Found a sparkling altar of Nemelex Xobeh.
   376 | D        | Found an iron altar of Okawaru.
   377 | D        | Became a worshipper of Gozag Ym Sagoz the Greedy
   378 | D        | Found a stormy altar of Qazlal.
   379 | D        | Found a sacrificial altar of Ru.
   380 | D        | Found a shimmering blue altar of Sif Muna.
   381 | D        | Found a bloodstained altar of Trog.
   382 | D        | Found a hide-covered altar of Uskayaw.
   383 | D        | Found a radiant altar of Vehumet.
   384 | D        | Found an ornate altar of the Wu Jian Council.
   385 | D        | Found a shimmering altar of Xom.
   386 | D        | Found a basalt altar of Yredelemnul.
   448 | D        | Noticed a troll
   448 | D        | Noticed a two-headed ogre
   448 | D        | Noticed a troll
   448 | D        | Noticed an acid dragon
   448 | D        | Noticed a yak
   448 | D        | Noticed a yak
   458 | D        | HP: 2/64 [troll (14)]
   458 | D        | Slain by a troll

Illustrated notes

Levels and vault maps discovered:
D:        linesprint [early_d, line_temple, items_1, d_10, items_2, lair_1,
          lair_end, items_3, orc_1, orc_end, items_4, d_15, swamp_1, shoals_1,
          snake_1, spider_1, d_20, vaults_1, items_5, swamp_end, shoals_end,
          snake_end, spider_end, vaults_end, d_27, items_6, zot_1, zot_end,
          crypt_end, forest_end, elf_end, slime_end, tomb_end, abyss_end,
          pan_hell_end]

Skill      XL: |  1  2  3  4 |
---------------+-------------+-----
Dodging        | 2 3 |  3.5
Unarmed Combat | 3 4 5 |  5.2
Shapeshifting  | 3 4 |  4.6
Fighting       | 2 4 |  4.9
Armour         | 1 2 3 |  3.0

Action                     |  1- 3 |  4- 6 || total
---------------------------+-------+-------++-------
  Melee: Unarmed           |    19 |    14 ||    33
    Use: Potion            |     1 |     1 ||     2
 Armour: Skin              |    12 |     2 ||    14
         Animal skin       |     1 |       ||     1
         Ring mail         |       |     2 ||     2
  Dodge: Dodged            |     4 |    11 ||    15

Table legend: (Time is in decaauts)
 A = Elapsed time spent in this place.
 B = Non-inter-level travel time spent in this place.
 C = Inter-level travel time spent in this place.
 D = Time resting spent in this place.
 E = Time spent auto-exploring this place.
 F = Levels seen in this place.
 G = Mean time per level.
                   A        B        C        D        E       F      G
               +--------+--------+--------+--------+--------+-----+--------+
         Total |    452 |    452 |      0 |    326 |      0 |   1 |  452.0 |
       Dungeon |    452 |    452 |      0 |    326 |      0 |   1 |  452.0 |
               +--------+--------+--------+--------+--------+-----+--------+

Top non-repeatable levels by time:
       D: 452 daAuts
